 Dungeon Crawl Stone Soup version 0.31.0-1-g2c135a008e (webtiles) character file.

Game seed: 13761925517275675102

19 qw the Shooter (level 2, -5/23 HPs)
             Began as a Djinni Hunter on Jan 23, 2024.
             Slain by a gnoll
             ... wielding a +0 spear
              (7 damage)
             ... on level 1 of the Dungeon.
             The game lasted 00:00:01 (563 turns).

qw the Shooter (Djinni Hunter)                       Turns: 563, Time: 00:00:01

Health: -5/23      AC:  3    Str: 10    XL:     2   Next: 95%
Gold:   29         EV: 12    Int: 10    God:
                   SH:  0    Dex: 16

rFire   + + .        a - +0 shortbow
rCold   x . .        (shield currently unavailable)
rNeg    . . .        c - +0 leather armour
rPois   inf          (no helmet)
rElec   .            (no cloak)
rCorr   .            (no gloves)
SInv    .            (boots unavailable)
Will    .....        (no amulet)
Stlth   +            (no ring)
HPRegen 0.23/turn    (no ring)
MPRegen 0.00/turn

%: infuse magic (-6 HP)
@: flying
A: sickness immunity, fire resistance 2, cold vulnerability 1, float, innate
caster, HP casting, extra vitality 1
a: no special abilities


You were on level 1 of the Dungeon.
You visited 1 branch of the dungeon, and saw 1 of its levels.

You collected 29 gold pieces.


Innate Abilities, Weirdness & Mutations

You are immune to sickness and miasma.
You are immune to poison.
Your flesh is very heat resistant. (rF++)
You are vulnerable to cold. (rC-)
You float through the air rather than walking.
You learn spells naturally, not from books.
Your magical power is your life essence.
You have superior vitality. (+4 MHP)


   Skills:
 - Level 2.0 Fighting
 + Level 3.9 Ranged Weapons
 - Level 2.1 Dodging
 - Level 0.7 Stealth You didn't know any spells. Your spell library was empty.

Inventory:

Hand Weapons
 a - a +0 shortbow (weapon)
Armour
 c - a +0 leather armour (worn)
 e - a +0 ring mail
Scrolls
 b - a scroll of butterflies
 d - 4 scrolls of identify {unknown}

Dungeon Overview and Level Annotations

Branches:
Dungeon (1/15)

Altars:

Shops:
D:1 =


Message History

A gnoll comes into view. It is wielding a +0 spear.
You shoot an arrow. The gnoll shouts!
The arrow hits the jackal!
You kill the jackal!
You shoot an arrow.
The arrow hits the jackal but does no damage.
You shoot an arrow. The arrow hits the jackal.
The jackal is heavily wounded.
The jackal barely misses you.
You shoot an arrow. The arrow hits the jackal.
You kill the jackal!
The jackal barely misses you. The jackal misses you.
You shoot an arrow. The arrow hits the jackal.
The jackal is heavily wounded.
The gnoll hits you from afar with a +0 spear.
The jackal bites you but does no damage.
You shoot an arrow. The arrow barely misses the jackal.
The jackal bites you. The gnoll misses you. The jackal closely misses you.
The gnoll barely misses you.
You shoot an arrow. The arrow hits the jackal.
The jackal is severely wounded.
The jackal barely misses you.
The gnoll hits you from afar with a +0 spear.
The jackal bites you.
You shoot an arrow. The arrow hits the jackal!
You kill the jackal!
The gnoll hits you from afar with a +0 spear.
You shoot an arrow. The arrow hits the gnoll!
The gnoll is severely wounded.
The gnoll hits you from afar with a +0 spear.
You shoot an arrow. The arrow hits the gnoll.
The gnoll is severely wounded.
The gnoll hits you from afar with a +0 spear. x2
You shoot an arrow. The arrow hits the gnoll.
The gnoll is severely wounded.
The gnoll completely misses you.
You shoot an arrow. The arrow barely misses the gnoll.
The gnoll hits you from afar with a +0 spear!
You die...

#...P777...############
#.#.##
#........P.######## #.#.#
#................. ....#
###.........####... .#..#
#......#....####>#####. .
#.##.##........#......
#.##.##......#...... #++#
#.##)##.......%##g####..#
#...)###...#...@%..!.#..#
#..### #####.####.####..#


777777 #..# #.# # #..######## #..# #.# #.......... #..# #.# #####.......... #..#
#.# ##8.8#..##.....# #..# ### ##....'..##.....# #..# 7##.....#.......... #..#
7#...>..+.......... You could see a gnoll.

Vanquished Creatures
  2 bats (D:1)
  2 giant cockroaches (D:1)
  A goblin (D:1)
  4 jackals (D:1)
  4 kobolds (D:1)
  A quokka (D:1)
  3 rats (D:1)
17 creatures vanquished.

Notes
Turn   | Place    | Note
-------+----------+-------------------------------------------
     0 | D:1      | qw the Djinni Hunter began the quest for the Orb.
     0 | D:1      | Reached XP level 1. HP: 18/18 MP: 0/0
     0 | D:1      | 0 ||| qw: Version: 0.3-a-136-gdd3b4e8
     0 | D:1      | 0 ||| qw: Game counter: 1001
     0 | D:1      | 0 ||| qw: Melee chars always use a shield: true
     0 | D:1      | 0 ||| qw: God list: Okawaru
     0 | D:1      | 0 ||| qw: Allow faded altars: false
     0 | D:1      | 0 ||| qw: Do Orc after clearing Dungeon:15 true
     0 | D:1      | 0 ||| qw: Do second Lair branch before Depths: true
     0 | D:1      | 0 ||| qw: Lair rune preference: random
     0 | D:1      | 0 ||| qw: Goals: Normal
     0 | D:1      | 0 ||| PLANNING D:1-11
   165 | D:1      | Reached XP level 2. HP: 16/23 MP: 0/0
   242 | D:1      | Found a faded altar of an unknown god.
   366 | D:1      | Found Seenuni's Jewellery Boutique.
   369 | D:1      | 369 ||| SHOPLISTING +4 ring of slaying (1092 gold, have
                  | 21).
   369 | D:1      | 369 ||| SHOPLISTING +6 ring of dexterity (504 gold, have
                  | 21).
   369 | D:1      | 369 ||| SHOPLISTING amulet of reflection (420 gold, have
                  | 21).
   369 | D:1      | 369 ||| SHOPLISTING ring of Lyokloec {rN+ rCorr Int+3
                  | Dex+6} (827 gold, have 21).
   369 | D:1      | 369 ||| SHOPLISTING ring of Urehanea {Fire +Blink rElec
                  | Int+4} (761 gold, have 21).
   369 | D:1      | 369 ||| SHOPLISTING ring of ice (350 gold, have 21).
   369 | D:1      | 369 ||| SHOPLISTING ring of see invisible (210 gold, have
                  | 21).
   561 | D:1      | HP: 5/23 [gnoll/+0 spear (3)]
   561 | D:1      | HP: 2/23 [gnoll/+0 spear (3)]
   563 | D:1      | Slain by a gnoll

Levels and vault maps discovered:
D:1:      beargit_arrival_diablo_church, layout_loops_ring,
          dreamdust_ecumenical_altar_grove, serial_shops,
          nicolae_shop_behind_doors

Action                     || total
---------------------------++-------
   Fire: Shortbow          ||    58
 Armour: Leather armour    ||    25
  Dodge: Dodged            ||    24

Table legend:
 A = Non-vault XP
 B = Vault XP
 C = Vault XP percentage of total XP
 D = Non-vault monster count
 E = Vault monster count
 F = Vault count percentage of total count
                 A         B        C        D         E       F
            +---------+---------+-------+---------+---------+-------
      Total |      27 |       1 |   3.6 |      16 |       1 |   5.9
            +---------+---------+-------+---------+---------+-------
        D:1 |      27 |       1 |   3.6 |      16 |       1 |   5.9
            +---------+---------+-------+---------+---------+-------
